 Dungeon Crawl Stone Soup version 0.20.2-3-g29329e0561 (webtiles) character file.

832 Alfie the Slasher (level 7, -10/61 HPs)
             Began as a Minotaur Fighter on Nov 24, 2020.
             Mangled by an orc warrior
             ... wielding a +0 long sword
              (11 damage)
             ... on level 6 of the Dungeon.
             The game lasted 00:08:48 (3601 turns).

Alfie the Slasher (Minotaur Fighter)                Turns: 3601, Time: 00:08:48

Health: -10/61     AC: 10    Str: 23    XL:     7   Next: 65%
Magic:  6/6        EV:  9    Int:  5    God:
Gold:   335        SH: 11    Dex:  9    Spells: 6/6 levels left

rFire    . . .     SeeInvis .   a - +0 long sword
rCold    . . .     Gourm    .   c - +1 shield
rNeg     . . .     Faith    .   b - +2 scale mail
rPois    .         Spirit   .   (helmet restricted)
rElec    .         Reflect  .   (no cloak)
rCorr    .         Harm     .   (no gloves)
MR       .....                  e - +0 pair of boots
Stlth    +.........             (no amulet)
Regen    0.2/turn               o - ring of stealth
MPRegen  0.1/turn               (no ring)

@: no status effects
A: retaliatory headbutt, horns 2
a: no special abilities


You were on level 6 of the Dungeon.
You were hungry.

You visited 1 branch of the dungeon, and saw 6 of its levels.

You collected 335 gold pieces.

Inventory:

Hand Weapons
 a - a +0 long sword (weapon)
Armour
 b - a +2 scale mail (worn)
 c - a +1 shield (worn)
 e - a +0 pair of boots (worn)
Jewellery
 m - an uncursed amulet of magic regeneration {unknown}
 o - a ring of stealth (left hand)
Wands
 q - a wand of lightning (2/15)
Scrolls
 d - 2 scrolls of identify
 h - 3 scrolls of remove curse
 i - 6 scrolls of teleportation
 u - a scroll of magic mapping
Potions
 j - 3 potions of haste
 k - a potion of might
 t - a potion of lignification
Comestibles
 f - a bread ration
 g - 3 meat rations
 l - 2 fruits
 p - 3 royal jellies


   Skills:
 + Level 5.3 Fighting
 + Level 6.9 Long Blades
 + Level 5.7 Armour
 + Level 2.4 Dodging
 + Level 0.8 Stealth
 + Level 5.5 Shields


You had 6 spell levels left.
You didn't know any spells.

Dungeon Overview and Level Annotations

Branches:
Dungeon (6/15)
 Temple: D:4-7

Altars:
Elyvilon
Sif Muna

Annotations:
D:3 Blork the orc


Innate Abilities, Weirdness & Mutations

You reflexively headbutt those who attack you in melee.
You have a pair of horns on your head.


Message History

Your shield prevents you from hitting the orc warrior.
Your headbutt misses the orc warrior.
The orc warrior is almost dead.
The orc warrior hits you with a long sword!
* * * LOW HITPOINT WARNING * * *
You hit the orc warrior but do no damage.
Your headbutt misses the orc warrior.
The orc warrior is almost dead.
The orc warrior closely misses you.
You riposte.
You closely miss the orc warrior.
The orc warrior is almost dead.
Your shield and scale mail prevent you from hitting the orc warrior.
Your headbutt misses the orc warrior.
The orc warrior is almost dead.
The orc warrior hits you with a long sword!
* * * LOW HITPOINT WARNING * * *
You hit the orc warrior.
The orc warrior is almost dead.
The orc warrior hits you with a long sword!
You die...

#.............#
#.#############
#.# #.# #.# #.#
#### #.# .....
#.#####......
#...@o{o.....
#######......
#####


You could see an orc warrior and an orc.

Vanquished Creatures
  Edmund (D:4)
  An ice beast (D:5)
  A scorpion (D:5)
  2 crimson imps (D:5)
  2 hounds (D:5)
  A jelly (D:6)
  3 orc priests
  2 orc wizards
  Terence (D:2)
  2 worker ants (D:5)
  11 adders
  2 oozes
  2 worms (D:2)
  3 dart slugs (D:1)
  5 leopard geckos
  18 orcs
  6 giant cockroaches
  4 goblins
  4 hobgoblins
  4 kobolds
  A quokka (D:4)
  A ball python (D:3)
  7 bats
  A frilled lizard (D:2)
  A leopard gecko skeleton (D:4)
  5 rats
91 creatures vanquished.

Notes
Turn   | Place    | Note
-------+----------+-------------------------------------------
     0 | D:1      | Alfie the Minotaur Fighter began the quest for the Orb.
     0 | D:1      | Reached XP level 1. HP: 19/19 MP: 0/0
   309 | D:1      | Reached XP level 2. HP: 27/27 MP: 1/1
   949 | D:2      | Noticed Terence
   956 | D:2      | Killed Terence
   956 | D:2      | Reached skill level 3 in Long Blades
   956 | D:2      | Reached XP level 3. HP: 32/33 MP: 2/2
  1033 | D:2      | Reached XP level 4. HP: 38/40 MP: 3/3
  1694 | D:3      | Reached skill level 4 in Long Blades
  1694 | D:3      | Reached XP level 5. HP: 38/46 MP: 4/4
  1793 | D:3      | Found a white marble altar of Elyvilon.
  1908 | D:3      | Noticed Blork the orc
  1919 | D:3      | Found a deep blue altar of Sif Muna.
  2305 | D:4      | Reached skill level 5 in Armour
  2305 | D:4      | Reached skill level 1 in Dodging
  2595 | D:4      | Noticed Edmund
  2608 | D:4      | Killed Edmund
  2608 | D:4      | Reached skill level 5 in Long Blades
  2608 | D:4      | Reached XP level 6. HP: 45/53 MP: 5/5
  2806 | D:5      | Entered Level 5 of the Dungeon
  2846 | D:5      | Noticed an ice beast
  2855 | D:5      | HP: 2/53 [ice beast (7)]
  2862 | D:5      | Killed an ice beast
  3009 | D:5      | Reached skill level 5 in Fighting
  3019 | D:5      | Reached skill level 6 in Long Blades
  3075 | D:5      | Reached skill level 5 in Shields
  3075 | D:5      | Reached XP level 7. HP: 43/61 MP: 6/6
  3175 | D:5      | Found a white marble altar of Elyvilon.
  3600 | D:6      | HP: 1/61 [orc warrior/long sword (10)]
  3601 | D:6      | Mangled by an orc warrior

Skill      XL: |  1  2  3  4  5  6  7 |
---------------+----------------------+-----
Armour         | 4 5 |  5.7
Shields        | 4 5 |  5.5
Long Blades    | 3 4 5 6 |  6.9
Fighting       | 4 5 |  5.3
Dodging        | 1 2 |  2.4
Stealth        | |  0.8

Action                   |  1- 3 |  4- 6 |  7- 9 || total
-------------------------+-------+-------+-------++-------
Melee: Long sword        |    48 |   177 |    83 ||   308
       Headbutt          |     6 |    27 |    16 ||    49
  Use: Scroll            |       |    10 |       ||    10
       Potion            |       |     4 |     3 ||     7
  Eat: Bread ration      |       |     1 |       ||     1
       Chunk             |       |     1 |       ||     1
       Royal jelly       |       |     1 |       ||     1
       Fruit             |       |     1 |       ||     1
Armor: Scale mail        |    25 |    54 |    25 ||   104
       Skin              |       |     2 |       ||     2
Dodge: Dodged            |    14 |    51 |    12 ||    77
Block: Shield            |    34 |    88 |    49 ||   171
       Rpst.: Long sword |     3 |    13 |     4 ||    20
